 Dungeon Sprint DCSS version 0.30-a0-465-g8901f6c8b5 (webtiles) character file.

Game seed: 12091551094638678451

14328 holysushi the Acrobat (level 12, 0/67 (88) HPs)
             Began as a Kobold Monk on Dec 18, 2022.
             Was the Champion of Dithmenos.
             Killed from afar by an air elemental (6 damage)
             ... with a stunning burst
             ... in the Dungeon (Sprint V: "Ziggurat Sprint").
             The game lasted 00:07:45 (913 turns).

holysushi the Acrobat (Kobold Monk)                  Turns: 913, Time: 00:07:46

HP:   0/67 (88)     AC:  7    Str:  8    XL:     12   Next: 43%
MP:   15/20         EV: 47    Int: 12    God:    Dithmenos [******]
Gold: 0             SH: 10    Dex: 34    Spells: 11/11 levels left

rFire   . . .      SeeInvis .    a - +5 quick blade
rCold   + . .      Faith    +    j - +3 buckler
rNeg    + + +      Spirit   .    B - +2 robe {rC+}
rPois   ∞          Reflect  .    (no helmet)
rElec   .          Harm     .    J - +2 cloak {Will+}
rCorr   .          Rampage  .    (no gloves)
Will    ∞          NoTele   +    (no boots) Stlth !!!!!!####
                                 z - amulet of faith
HPRegen 0.31/turn                v - +6 ring of dexterity
MPRegen 0.17/turn                w - +6 ring of dexterity

@: shadow-form, wreathed by umbra, studying 2 skills, heavily drained, invisible
A: shadow resist, half damage, bleed smoke, invisible, small, no large weapons,
nightstalker 3
a: End Transformation, Renounce Religion, Shadow Step, Shadow Form


You were in the Dungeon.
You worshipped Dithmenos.
Dithmenos was exalted by your worship.
You were a swirling mass of dark shadows.
You visited 1 branch

Inventory:

Hand Weapons
 a - a +5 quick blade (weapon)
Armour
 j - a +3 buckler (worn)
 B - a +2 robe of cold resistance (worn)
 J - a +2 cloak of willpower (worn)
 M - +0 steam dragon scales
Jewellery
 b - a ring of the Octopus King {rCorr HP+2 AC+2 EV+2 SH+2}
   (You found it in the Dungeon)

   [ring of resist corrosion]

   AC:        It affects your AC (+2).
   EV:        It affects your evasion (+2).
   HP:        It affects your health (+2).
   rCorr:     It protects you from acid and corrosion.
   SH:        It affects your SH (+2).
 v - a +6 ring of dexterity (left hand)
 w - a +6 ring of dexterity (right hand)
 z - an amulet of faith (around neck)
 C - a ring of see invisible
 D - a +4 ring of slaying
 E - a ring of ice
 F - the ring of Joul {rElec Int+6}
   (You found it in the Dungeon)

   [ring of intelligence]

   Int:       It affects your intelligence (+6).
   rElec:     It insulates you from electricity.
 H - an amulet of magic regeneration
 K - the ring "Yruobbuw" {rPois rCorr SInv}
   (You found it in the Dungeon)

   [ring of resist corrosion]

   rPois:     It protects you from poison.
   SInv:      It lets you see invisible.
   rCorr:     It protects you from acid and corrosion.
 L - a ring of protection from cold
Wands
 t - a wand of mindburst (7)
 u - a wand of acid (7)
Scrolls
 i - 4 scrolls of blinking
 k - 4 scrolls of amnesia
 l - 9 scrolls of fog
 m - 5 scrolls of identify
 n - a scroll of fear
 I - 8 scrolls of enchant armour
Potions
 c - a potion of ambrosia
 d - 10 potions of curing
 e - 14 potions of heal wounds
 f - 5 potions of haste
 g - 7 potions of magic
 h - 2 potions of berserk rage
 o - 2 potions of brilliance
 p - 2 potions of invisibility
 q - 4 potions of resistance
 s - 5 potions of might
Miscellaneous
 r - a condenser vane
 x - a phial of floods
 y - a phantom mirror
 A - a lightning rod (4/4)
 G - a tin of tremorstones (2/2)


   Skills:
 + Level 15.5 Fighting
 - Level 8.0 Short Blades
 * Level 23.1 Dodging
 * Level 19.9 Stealth
 + Level 10.8 Invocations
 - Level 5.0 Evocations


You had 11 spell levels left.
You didn't know any spells.
Your spell library contained the following spells:

 Spells                   Type           Power      Damage    Failure   Level
 Freeze                   Ice            0%         1d3       45%         1
 Magic Dart               Conj           0%         1d3       45%         1
 Sandblast                Erth           0%         2d4       45%         1
 Slow                     Hex            0%         N/A       45%         1
 Sting                    Tmut/Pois      0%         1d3       45%         1
 Blink                    Tloc           0%         N/A       61%         2
 Call Imp                 Summ           0%         N/A       61%         2
 Cigotuvi's Dreadful Rot  Necr/Pois/Air  0%         N/A       61%         2
 Momentum Strike          Conj/Tloc      0%         3d8       61%         2
 Passwall                 Tmut/Erth      0%         N/A       61%         2
 Poisonous Vapours        Pois/Air       0%         N/A       61%         2
 Confusing Touch          Hex            0%         N/A       83%         3
 Dazzling Flash           Conj/Hex       0%         N/A       83%         3
 Frozen Ramparts          Ice            0%         1d1       83%         3
 Hailstorm                Conj/Ice       0%         3d3       83%         3
 Lesser Beckoning         Tloc           0%         N/A       83%         3
 Mephitic Cloud           Conj/Pois/Air  0%         N/A       83%         3
 Stone Arrow              Conj/Erth      0%         3d7       83%         3
 Vampiric Draining        Necr           0%         2d6       83%         3
 Manifold Assault         Tloc           0%         N/A       99%         4
 Olgreb's Toxic Radiance  Pois           0%         N/A       99%         4
 Alistair's Intoxication  Tmut/Pois      0%         N/A       100%        5
 Blade Hands              Tmut           0%         N/A       100%        5
 Irradiate                Conj/Tmut      0%         3d11      100%        5
 Summon Forest            Summ/Tloc      0%         N/A       100%        5
 Summon Mana Viper        Hex/Summ       0%         N/A       100%        5
 Dispersal                Tloc           0%         N/A       100%        6
 Summon Cactus Giant      Summ           0%         N/A       100%        6
 Dragon Form              Tmut           0%         N/A       100%        7
 Polar Vortex             Ice            0%         N/A       100%        9


Dungeon Overview and Level Annotations

Branches:
Dungeon (1/1) Zot: 27000

Altars:
Ashenzari
Cheibriados
Dithmenos
Elyvilon
Fedhas
Gozag
Hepliaklqana
Kikubaaqudgha
Okawaru
Qazlal
Ru
Sif Muna
Trog
Uskayaw
Vehumet
Wu Jian
Xom
Yredelemnul
Zin
The Shining One
Jiyva
Lugonu

Annotations:
D 1 transporter


Innate Abilities, Weirdness & Mutations

You are a swirling mass of dark shadows.
You are immune to unholy torment and to willpower attacks.
Damage taken is halved, but you are drained when taking damage.
Your attacks are insubstantial and do half damage.
You bleed smoke when taking damage.
You are invisible.
You are immune to poison.
Your spellcasting is less reliable in this form.
You are small and have problems with some larger weapons.
You are completely attuned to the shadows.


Message History

The air elemental fires a burst of electricity at you.
The stunning burst hits you!
You suddenly lose the ability to move!
You emit a cloud of dark smoke.
You feel drained.
The air elemental fires a burst of electricity at you.
The stunning burst hits you!
You emit a cloud of dark smoke.
You feel drained.
The air elemental fires a burst of electricity at you.
The stunning burst hits you but does no damage.
The air elemental hits you!
You emit a cloud of dark smoke.
You feel drained. The air elemental hits you!
You emit a cloud of dark smoke.
You feel drained. The air elemental hits you!
You emit a cloud of dark smoke.
You feel drained.
The air elemental fires a burst of electricity at you.
The stunning burst hits you!!
* * * LOW HITPOINT WARNING * * *
You emit a cloud of dark smoke.
You feel drained. The storm dragon barely misses you.
The storm dragon claws you!
* * * LOW HITPOINT WARNING * * *
You emit a cloud of dark smoke.
You feel drained. The storm dragon tramples you.
* * * LOW HITPOINT WARNING * * *
You emit a cloud of dark smoke.
You feel drained.
You are shoved backwards!
The air elemental hits you!
* * * LOW HITPOINT WARNING * * *
You emit a cloud of dark smoke.
You feel drained. The air elemental barely misses you.
You can move again.
You hit the storm dragon but do no damage.
The storm dragon is almost dead.
You block the air elemental's attack.
The air elemental completely misses you.
The storm dragon closely misses you.
The storm dragon claws you but does no damage.
The storm dragon completely misses you.
You strike the helpless storm dragon from behind!
You impale the storm dragon!!
You kill the storm dragon!
Dithmenos accepts your kill.
The storm dragon scales are intact enough to wear.
The air elemental fires a burst of electricity at you.
The stunning burst hits you!
You shrug off the repeated paralysis!
You die...

▓..[".).. ▓....[|..
▓........ ▓........
▓........ ▓........
▓▓▓▓▓▓▓▓▓▓▓▓........
.§§§8©8....▓....©...
§§§WE§§§§..▓▓▓▓▓▓▓▓▓
§§E§E§§§...▓...8©8..
▓..§§§§§§§..▓..|}))).
▓..§§§§§....▓....))..
▓.....§.§...▓......).
...........▓........
.▓....§▓..▓.)......
▓.▓...▓.▓ ▓........
.▓.....▓. ▓.▓.....▓


You could see 3 air elementals.

Vanquished Creatures
  2 storm dragons (D)
  A fire dragon (D)
  An ice dragon (D)
  2 spriggan air magi (D)
  2 vampire magi (D)
  A skeletal warrior (D)
  A death drake (D)
  A deep elf archer (D)
  2 necromancers (D)
  3 deep elf pyromancers (D)
  3 deep elf zephyrmancers (D)
  A shining eye (D)
  A smoke demon (D)
  A rime drake (D)
  An orange demon (D)
  A red devil (D)
  A slime creature (D)
  4 wind drakes (D)
  An air elemental (D)
  4 wyverns (D)
  A steam dragon (D)
  A chaos spawn (D)
  2 acid dragons (D)
  A hell hound (D)
  An orc warrior (D)
  2 floating eyes (D)
  A phantom (D)
  An earth elemental (D)
  3 necrophages (D)
  A wight (D)
  2 crimson imps (D)
  2 quasits (D)
  2 jellies (D)
  5 orc priests (D)
  4 orc wizards (D)
  A shadow imp (D)
  3 white imps (D)
  4 adder zombies (D)
  An adder skeleton (D)
  3 orcs (D)
  A bat skeleton (D)
  An endoplasm (D)
  A ball python simulacrum (D)
  2 ball python zombies (D)
  A giant cockroach zombie (D)
  2 quokka zombies (D)
83 creatures vanquished.

Vanquished Creatures (collateral kills)
  A hellwing (D)
1 creature vanquished.

Grand Total: 84 creatures vanquished

Notes
Turn   | Place    | Note
-------+----------+-------------------------------------------
     0 | D        | holysushi the Kobold Monk began the quest for the Orb.
     0 | D        | Reached XP level 1. HP: 14/14 MP: 1/1
     5 | D        | Found a shadowy altar of Dithmenos.
     5 | D        | Found a white marble altar of Elyvilon.
     5 | D        | Found a snail-covered altar of Cheibriados.
     5 | D        | Found a blossoming altar of Fedhas.
     5 | D        | Found a viscous altar of Jiyva.
     5 | D        | Found a hazy altar of Hepliaklqana.
     5 | D        | Found a transporter.
     5 | D        | Found an opulent altar of Gozag.
     8 | D        | Found an ancient bone altar of Kikubaaqudgha.
    13 | D        | Found a broken altar of Ashenzari.
    13 | D        | Found a glowing golden altar of the Shining One.
    24 | D        | Found a radiant altar of Vehumet.
    27 | D        | Found a hide-covered altar of Uskayaw.
    28 | D        | Found a shimmering blue altar of Sif Muna.
    28 | D        | Found a sacrificial altar of Ru.
    28 | D        | Found a bloodstained altar of Trog.
    28 | D        | Found a stormy altar of Qazlal.
    31 | D        | Found an iron altar of Okawaru.
    34 | D        | Found the +6 Majin-Bo {vamp, MP+6 Int+6}
    34 | D        | Found the +27 heavy crossbow "Sniper" {vorpal, Acc+∞ SInv}
    34 | D        | Found the +10 dark maul {vorpal}
    34 | D        | Found the +15 Maxwell's patent armour {-Cast -Tele rElec
                  | Will+ rCorr}
    34 | D        | Found the +18 shield of the Gong {rElec rN+ Will+ EV-5}
    34 | D        | Found the +14 obsidian axe {vorpal, Mesm Drain Fly SInv}
    34 | D        | Found the +7 great mace "Firestarter" {inner flame, rF++}
    34 | D        | Found the +6 shillelagh "Devastator" {shatter}
    34 | D        | Found the +11 plutonium sword {Contam Stlth-}
    34 | D        | Found the +8 lance "Wyrmbane" {slay drac, rPois rF+ rC+
                  | AC+3}
    34 | D        | Found the +9 sword of Zonguldrok {reap}
    34 | D        | Found the +13 scythe of Curses {drain, Drain}
    34 | D        | Found the +5 sword of Power {vorpal}
    34 | D        | Found the +7 mace of Variability {chain chaos}
    34 | D        | Found the +7 Singing Sword {vorpal, sonic wave}
    34 | D        | Found the +8 storm bow {elec, penet}
    37 | D        | Found a corrupted altar of Lugonu.
    46 | D        | Became a worshipper of Dithmenos the Shadowed
    46 | D        | Reached * piety under Dithmenos
    46 | D        | Reached ** piety under Dithmenos
    54 | D        | Reached skill level 7 in Dodging
    54 | D        | Reached XP level 2. HP: 19/19 MP: 2/2
    55 | D        | Entered arena 2.
    56 | D        | Found a transporter.
    65 | D        | Entered arena 3.
    66 | D        | Noticed a phantom
    67 | D        | Found a transporter.
    75 | D        | Killed a phantom
    76 | D        | Reached skill level 8 in Dodging
    76 | D        | Reached skill level 5 in Stealth
    76 | D        | Reached XP level 3. HP: 18/24 MP: 3/3
    76 | D        | Reached XP level 4. HP: 22/30 MP: 4/4
    79 | D        | Reached *** piety under Dithmenos
    84 | D        | Reached skill level 9 in Dodging
    93 | D        | Entered arena 4.
    95 | D        | Found a transporter.
   100 | D        | Reached skill level 5 in Fighting
   100 | D        | Reached XP level 5. HP: 31/35 MP: 5/5
   103 | D        | Reached **** piety under Dithmenos
   116 | D        | Reached skill level 10 in Dodging
   135 | D        | Entered arena 5.
   137 | D        | Found a transporter.
   143 | D        | Reached skill level 1 in Invocations
   143 | D        | Reached XP level 6. HP: 40/41 MP: 6/6
   152 | D        | Reached skill level 5 in Evocations
   155 | D        | Reached ***** piety under Dithmenos
   161 | D        | Reached skill level 11 in Dodging
   163 | D        | Got the Papyrus of Vitiation and Cold
   166 | D        | Acquired a manual of Long Blades
   171 | D        | Entered arena 6.
   171 | D        | Noticed a hell hound
   187 | D        | Killed a hell hound
   188 | D        | Reached XP level 7. HP: 26/47 MP: 7/9
   216 | D        | Found a transporter.
   292 | D        | Entered arena 7.
   296 | D        | Found a transporter.
   306 | D        | Reached skill level 12 in Dodging
   311 | D        | Reached ****** piety under Dithmenos
   329 | D        | Entered arena 8.
   331 | D        | Noticed a hellwing
   331 | D        | Noticed an orange demon
   331 | D        | Noticed a red devil
   332 | D        | Noticed a chaos spawn
   332 | D        | Noticed a smoke demon
   332 | D        | Found the ring of the Octopus King {rCorr HP+2 AC+2 EV+2
                  | SH+2}
   347 | D        | Killed a smoke demon
   348 | D        | Reached skill level 13 in Dodging
   348 | D        | Reached skill level 10 in Stealth
   348 | D        | Reached skill level 5 in Invocations
   348 | D        | Reached XP level 8. HP: 55/55 MP: 11/11
   359 | D        | Killed a hellwing
   360 | D        | Reached skill level 14 in Dodging
   369 | D        | Found a transporter.
   374 | D        | Killed an orange demon
   375 | D        | Reached skill level 15 in Dodging
   375 | D        | Reached XP level 9. HP: 62/62 MP: 12/12
   378 | D        | Killed a red devil
   379 | D        | Reached skill level 10 in Fighting
   462 | D        | Got a ring of the Octopus King {rCorr HP+2 AC+2 EV+2 SH+2}
   473 | D        | Entered arena 9.
   476 | D        | Noticed a shining eye
   476 | D        | Noticed a slime creature
   477 | D        | Found a transporter.
   480 | D        | Reached skill level 16 in Dodging
   485 | D        | Killed a slime creature
   487 | D        | Killed a shining eye
   488 | D        | Reached skill level 17 in Dodging
   514 | D        | Entered arena 10.
   516 | D        | Noticed a deep elf zephyrmancer
   516 | D        | Noticed a deep elf zephyrmancer
   517 | D        | Noticed a deep elf pyromancer
   517 | D        | Noticed a deep elf pyromancer
   517 | D        | Noticed a deep elf archer
   517 | D        | Noticed a deep elf pyromancer
   517 | D        | Noticed a deep elf zephyrmancer
   518 | D        | Found a transporter.
   520 | D        | Killed a deep elf zephyrmancer
   521 | D        | Reached XP level 10. HP: 70/70 MP: 12/14
   524 | D        | Killed a deep elf pyromancer
   525 | D        | Reached skill level 18 in Dodging
   526 | D        | Killed a deep elf zephyrmancer
   528 | D        | Killed a deep elf archer
   528 | D        | Killed a deep elf zephyrmancer
   529 | D        | Reached skill level 19 in Dodging
   529 | D        | Reached skill level 15 in Stealth
   543 | D        | Killed a deep elf pyromancer
   555 | D        | Killed a deep elf pyromancer
   556 | D        | Reached XP level 11. HP: 69/77 MP: 14/17
   618 | D        | Entered arena 11.
   623 | D        | Found a transporter.
   639 | D        | Got the ring of Joul {rElec Int+6}
   643 | D        | Got the Omnibus of Interference and Shifting
   690 | D        | Entered arena 12.
   693 | D        | Noticed a vampire mage
   693 | D        | Noticed a necromancer
   693 | D        | Noticed a skeletal warrior
   694 | D        | Noticed a necromancer
   694 | D        | Noticed a vampire mage
   695 | D        | Found a transporter.
   697 | D        | Killed a skeletal warrior
   698 | D        | Reached skill level 20 in Dodging
   698 | D        | Killed a necromancer
   699 | D        | Killed a vampire mage
   701 | D        | Killed a necromancer
   703 | D        | Killed a vampire mage
   704 | D        | Reached skill level 21 in Dodging
   760 | D        | Entered arena 13.
   763 | D        | Noticed an ice dragon
   764 | D        | Noticed a death drake
   764 | D        | Noticed a fire dragon
   765 | D        | Found a transporter.
   772 | D        | Killed an ice dragon
   773 | D        | Reached skill level 10 in Invocations
   784 | D        | Killed a death drake
   800 | D        | Killed a fire dragon
   801 | D        | Reached skill level 22 in Dodging
   803 | D        | Reached XP level 12. HP: 85/86 MP: 12/19
   813 | D        | Reached skill level 15 in Fighting
   815 | D        | Got the ring "Yruobbuw" {rPois rCorr SInv}
   859 | D        | Entered arena 14.
   863 | D        | Noticed a storm dragon
   863 | D        | Noticed a spriggan air mage
   863 | D        | Noticed a spriggan air mage
   864 | D        | Noticed a storm dragon
   864 | D        | Found the +7 great mace "Undeadhunter" {disrupt, rN+}
   865 | D        | Found a transporter.
   868 | D        | Killed a spriggan air mage
   876 | D        | Killed a storm dragon
   880 | D        | Killed a spriggan air mage
   880 | D        | Paralysed by an air elemental for 1 turns
   881 | D        | Reached skill level 23 in Dodging
   895 | D        | Paralysed by an air elemental for 1 turns
   910 | D        | Paralysed by an air elemental for 1 turns
   913 | D        | Killed a storm dragon
   913 | D        | Killed from afar by an air elemental

Illustrated notes

Levels and vault maps discovered:
D:        sprint_v [room_start, room_1, room_2, room_3, room_4, room_5, room_6,
          room_7, room_8, room_9, room_10, room_11, room_12, room_13, room_14,
          room_15, room_16, room_17, room_18, room_19, room_20, room_21,
          room_22, room_23, room_24, room_25, room_26, room_27]

Skill      XL: |  1  2  3  4  5  6  7  8  9 10 11 12 |
---------------+-------------------------------------+-----
Short Blades   | 8 |  8.0
Dodging        | 7 8 9 10 11 13 15 17 19 22 23 | 23.1
Stealth        | 5 6 8 10 12 14 16 18 19 | 19.9
Fighting       | 4 5 6 8 9 11 12 14 15 | 15.5
Evocations     | 3 4 5 |  5.0
Invocations    | 1 3 5 8 10 | 10.8

Action                   |  1- 3 |  4- 6 |  7- 9 | 10-12 || total
-------------------------+-------+-------+-------+-------++-------
Melee: Quick blade       |     9 |    60 |    92 |   151 ||   312
Invok: Shadow Form       |       |       |       |     4 ||     4
Evoke: Phial of floods   |       |       |     1 |       ||     1
       Phantom mirror    |       |       |     1 |       ||     1
       Condenser vane    |       |       |       |     1 ||     1
  Use: Potion            |     1 |       |     3 |       ||     4
       Scroll            |       |     1 |     1 |       ||     2
 Stab: Sleeping          |     2 |       |     8 |    25 ||    35
       Invisible         |       |       |       |    35 ||    35
       Paralysed         |       |       |       |     1 ||     1
Armor: Robe              |       |     2 |     1 |     7 ||    10
Dodge: Dodged            |     3 |    40 |    44 |   159 ||   246
Block: Buckler           |     3 |    18 |    25 |    53 ||    99

Table legend: (Time is in decaauts)
 A = Elapsed time spent in this place.
 B = Non-inter-level travel time spent in this place.
 C = Inter-level travel time spent in this place.
 D = Time resting spent in this place.
 E = Time spent auto-exploring this place.
 F = Levels seen in this place.
 G = Mean time per level.
                   A        B        C        D        E       F      G
               +--------+--------+--------+--------+--------+-----+--------+
         Total |    711 |    711 |      0 |    192 |      7 |   1 |  711.0 |
       Dungeon |    711 |    711 |      0 |    192 |      7 |   1 |  711.0 |
               +--------+--------+--------+--------+--------+-----+--------+

Top non-repeatable levels by time:
       D: 711 daAuts
